AoeStats
← AiM | Facu1414

Oasis

507401134Analyzed
4v4 RM · 13d ago on Sep 18, 2026· 59m 24s· 8 players
Game mode
Random Map
Map size
Large (8 player)
Population
200
Speed
Normal
Resources
Standard
Victory
Conquest
Starting age
Dark Age
Ending age
Imperial Age
RankedLock teamsTeams togetherTeam positionsShared explorationLock speedFull tech treeHidden civsTurbo modeCheats
Victory
Defeat
🇬🇹 Hindustanis · Guatemala
1487
+18
🇧🇷 Italians · Brazil
1473
+18
🇺🇸 Poles · United States
1471
+18
🇦🇷 Magyars · Argentina
1451
+19
🇨🇱 Ethiopians · Chile
1557
-20
🇨🇱 Franks · Chile
1510
-18
🇦🇷 Persians · Argentina
1508
-18
🇨🇱 Saracens · Chile
1500
-17
all peacocks are the same
11:07 Feudal Age
13:34 Loom
16:04 Double-Bit Axe
18:11 Bloodlines
20:27 Wheelbarrow
23:58 Castle Age
22:19 Gold Mining
24:19 Scale Barding Armor
24:41 Forging
24:38 Horse Collar
26:47 Szlachta Privileges
28:07 Chain Barding Armor
27:49 Husbandry
29:02 Bow Saw
42:19 Heavy Plow
47:16 Light Cavalry
50:18 Pikeman
54:09 Caravan
57:31 Town Watch
Sogni
6:48 Loom
11:25 Feudal Age
16:30 Castle Age
14:30 Double-Bit Axe
16:28 Scale Barding Armor
22:46 Bloodlines
26:53 Horse Collar
30:54 Forging
31:56 Gold Mining
32:43 Wheelbarrow
31:54 Town Watch
32:47 Husbandry
33:24 Iron Casting
33:16 Chain Barding Armor
34:24 Iron Casting
38:10 Coinage
40:48 Imperial Age
38:51 Stone Mining
40:52 Heavy Camel Rider
42:35 Blast Furnace
42:14 Plate Barding Armor
45:17 Blast Furnace
45:57 Banking
46:11 Caravan
47:09 Hand Cart
46:23 Imperial Camel Rider
54:55 Light Cavalry
59:06 Town Watch
PocaChota
7:11 Loom
9:31 Feudal Age
10:01 Double-Bit Axe
16:25 Bloodlines
21:35 Castle Age
20:33 Gold Mining
20:25 Horse Collar
21:11 Scale Barding Armor
22:39 Bow Saw
22:32 Heavy Plow
23:04 Light Cavalry
23:45 Husbandry
27:14 Wheelbarrow
32:44 Treadmill Crane
33:31 Hand Cart
36:46 Imperial Age
33:56 Crossbowman
34:44 Thumb Ring
35:56 Gold Shaft Mining
35:13 Stone Mining
35:17 Fletching
36:28 Ballistics
36:34 Bodkin Arrow
37:06 Padded Archer Armor
37:29 Bracer
38:21 Parthian Tactics
38:48 Conscription
38:10 Heavy Cavalry Archer
39:31 Leather Archer Armor
40:28 Two-Man Saw
39:59 Crop Rotation
40:11 Chain Barding Armor
40:06 Recurve Bow
40:30 Corvinian Army
40:14 Elite Magyar Huszar
41:57 Ring Archer Armor
42:05 Hoardings
41:52 Chain Barding Armor
43:03 Chemistry
43:38 Masonry
45:11 Plate Barding Armor
45:40 Caravan
46:11 Coinage
47:56 Town Watch
48:19 Siege Engineers
50:29 Murder Holes
50:45 Clinker Construction
53:20 Banking
59:56 Town Patrol
Aron
3:57 Loom
12:23 Feudal Age
18:14 Fletching
24:22 Castle Age
22:29 Double-Bit Axe
22:39 Horse Collar
23:07 Gold Mining
23:54 Padded Archer Armor
23:50 Stone Mining
25:25 Bodkin Arrow
28:31 Bow Saw
32:28 Wheelbarrow
36:38 Imperial Age
36:57 Masonry
38:22 Bracer
40:04 Treadmill Crane
40:54 Architecture
42:12 Leather Archer Armor
43:43 Chemistry
43:03 Ballistics
43:37 Hand Cart
43:46 Murder Holes
48:06 Caravan
49:39 Two-Man Saw
49:51 Silk Road
49:21 Elite Genoese Crossbowman
58:15 Thumb Ring
AiM | Kadrexgg
5:55 Loom
9:01 Feudal Age
12:18 Fletching
24:33 Castle Age
22:32 Double-Bit Axe
23:23 Padded Archer Armor
23:38 Gold Mining
24:34 Crossbowman
25:16 Bodkin Arrow
28:38 Thumb Ring
30:29 Horse Collar
37:45 Imperial Age
38:08 Leather Archer Armor
37:49 Arbalester
38:42 Bracer
41:53 Chemistry
41:34 Bow Saw
43:33 Wheelbarrow
49:33 Conscription
50:17 Masonry
53:05 Ring Archer Armor
53:44 Coinage
54:14 Gold Shaft Mining
55:40 Caravan
AiM | sAREMS
6:45 Loom
9:39 Feudal Age
10:34 Double-Bit Axe
13:57 Fletching
23:09 Castle Age
21:35 Gold Mining
21:35 Horse Collar
23:27 Crossbowman
24:23 Bodkin Arrow
25:33 Padded Archer Armor
29:26 Leather Archer Armor
35:37 Imperial Age
36:13 Ballistics
35:47 Arbalester
36:37 Bracer
38:01 Chemistry
43:20 Bow Saw
43:11 Heavy Plow
56:25 Thumb Ring
AiM | Facu1414
6:24 Loom
9:31 Feudal Age
9:55 Double-Bit Axe
15:40 Forging
16:48 Scale Barding Armor
18:17 Bloodlines
19:55 Horse Collar
24:18 Castle Age
22:14 Gold Mining
24:48 Wheelbarrow
24:07 Light Cavalry
25:57 Chain Barding Armor
26:28 Husbandry
29:20 Iron Casting
32:24 Heavy Plow
36:50 Gold Shaft Mining
40:57 Imperial Age
38:50 Hand Cart
40:42 Heavy Camel Rider
42:16 Plate Barding Armor
44:07 Blast Furnace
42:49 Cavalier
44:05 Caravan
45:21 Savar
AiM | Shuffle
5:02 Loom
8:54 Feudal Age
9:41 Double-Bit Axe
16:32 Forging
18:09 Forging
18:28 Scale Barding Armor
20:41 Castle Age
19:08 Gold Mining
21:45 Chain Barding Armor
21:28 Husbandry
25:05 Wheelbarrow
27:05 Bow Saw
29:17 Iron Casting
34:26 Hand Cart
34:12 Stone Mining
37:09 Imperial Age
36:08 Fervor
36:20 Town Watch
37:11 Cavalier
38:29 Plate Barding Armor
39:01 Blast Furnace
38:35 Paladin
40:07 Caravan
40:12 Stone Mining
42:34 Chemistry
49:06 Light Cavalry
51:10 Masonry
53:59 Chivalry
Connection lost

Rejoining the realm…

Still unreachable

The connection could not be restored.

Session expired

The server has moved on; the page needs a fresh start.